 Dungeon Crawl Stone Soup version 0.19-a0-1732-g0b18a7b (webtiles) character file.

25 Amnesiac the Cudgeler (level 3, -4/40 HPs)
             Began as an Ogre Monk on Sept 30, 2016.
             Was a Believer of Dithmenos.
             Slain by a hobgoblin (5 damage)
             ... on level 2 of the Dungeon.
             The game lasted 00:01:43 (343 turns).

Amnesiac the Cudgeler (Ogre Monk)                    Turns: 343, Time: 00:01:44

Health: -4/40      AC:  3    Str: 16    XL:     3   Next: 4%
Magic:  3/3        EV: 11    Int:  9    God:    Dithmenos [**....]
Gold:   47         SH:  0    Dex: 13    Spells: 0 memorised, 2 levels left

rFire  . . .     SeeInvis .     i - +1 whip (vamp)
rCold  . . .     Gourm    .     g - +0 robe
rNeg   . . .     Faith    .     (no shield)
rPois  .         Spirit   .     (helmet restricted)
rElec  .         Dismiss  .     (no cloak)
rCorr  .         Reflect  .     (gloves unavailable)
MR     .....     Harm     .     (boots unavailable)
Stlth  ++........               (no amulet)
                                (no ring)
                                (no ring)

@: wreathed by umbra
A: unfitting armour, tough skin 1
a: Shadow Step, Renounce Religion


You were on level 2 of the Dungeon.
You worshipped Dithmenos.
Dithmenos was pleased with you.
You were not hungry.

You visited 1 branch of the dungeon, and saw 2 of its levels.

You collected 47 gold pieces.

Inventory:

Hand Weapons
 a - a +0 mace
 i - a +1 vampiric whip (weapon)
Armour
 g - a +0 robe (worn)
Scrolls
 h - a scroll of enchant weapon {unknown}
Potions
 b - a potion of lignification {unknown}
 d - a potion of magic {unknown}
 e - 2 potions of mutation {unknown}
 f - a potion of degeneration {unknown}
 j - a potion of agility {unknown}
Comestibles
 k - a chunk of flesh


   Skills:
 + Level 4.4 Fighting
 * Level 4.7 Maces & Flails
 + Level 3.0 Dodging
 - Level 1.5 Stealth


You had 2 spell levels left.
You didn't know any spells.

Dungeon Overview and Level Annotations

Branches:
Dungeon (2/15)

Altars:
Dithmenos


Innate Abilities, Weirdness & Mutations

You are too large for most types of armour.
You have tough skin. (AC +1)


Message History

* * * LOW HITPOINT WARNING * * *
You hit the hobgoblin but do no damage.
The hobgoblin is almost dead.
The hobgoblin hits you.
* * * LOW HITPOINT WARNING * * *
You closely miss the hobgoblin.
The hobgoblin is almost dead.
* * * LOW HITPOINT WARNING * * *
You feel sick.
You are no longer poisoned.
The hobgoblin hits you but does no damage.
Unknown command.
You barely miss the hobgoblin.
The hobgoblin is almost dead.
The hobgoblin barely misses you.
Unknown command.
You barely miss the hobgoblin.
The hobgoblin is almost dead.
The hobgoblin hits you.
You die...

.........####### #.##.#
#...(. #........#
#....####.##.# #.....
###.#...[..........#.##.#
#.....
..................#.##.#
###..# #####.......
......#†##.######.##
#.####..####..##......#.....#
... .........†#.............
##. #.......................
#......@................
#.....g.........<.......
#.................÷.....
........................
#........#..............
#........#..............
#..#######.#...........# #.#
#..........## ...######.#.#


You could see a hobgoblin.

Vanquished Creatures
  2 adders (D:2)
  A dart slug (D:2)
  A hobgoblin (D:1)
  2 kobolds (D:2)
  A rat (D:1)
7 creatures vanquished.

Notes
Turn   | Place    | Note
-------+----------+-------------------------------------------
     0 | D:1      | Amnesiac the Ogre Monk began the quest for the Orb.
     0 | D:1      | Reached XP level 1. HP: 24/24 MP: 1/1
    86 | D:2      | Found a shadowy altar of Dithmenos.
    90 | D:2      | Became a worshipper of Dithmenos the Shadowed
    90 | D:2      | Reached * piety under Dithmenos
    90 | D:2      | Reached ** piety under Dithmenos
   287 | D:2      | Reached XP level 2. HP: 12/32 MP: 2/2
   328 | D:2      | Reached XP level 3. HP: 7/40 MP: 3/3
   340 | D:2      | HP: 2/40 [hobgoblin (4)]
   343 | D:2      | Slain by a hobgoblin

Vault maps used:
D:1:      dpeg_arrival_snail, minmay_misc_feat_encased,
          hangedman_abyss_or_decor_stabs, hangedman_abyss_or_decor_lesser_grid
D:2:      grunt_dithmenos_smoke_and_mirrors, old_standard_altar,
          lemuel_round_altar, uniq_natasha

Skill      XL: |  1  2 |
---------------+-------+-----
Dodging        | 3 |  3.0
Fighting       | |  4.4
Maces & Flails | |  4.7
Stealth        | |  1.5

Action                   || total
-------------------------++-------
Melee: Mace              ||    12
       Whip              ||    24
  Use: Scroll            ||     1
 Stab: Sleeping          ||     1
  Eat: Bread ration      ||     1
Armor: Robe              ||     5
Dodge: Dodged            ||    21
